 Dungeon Crawl Stone Soup version 0.20-a0-809-gaf7f668 (webtiles) character file.

1795 Gorglomux the Changer (level 9, -8/41 HPs)
             Began as a Vine Stalker Transmuter on Mar 2, 2017.
             Was a Believer of Cheibriados.
             Mangled by a wight
             ... wielding a cursed +0 great sword
              (15 damage)
             ... on level 6 of the Dungeon.
             The game lasted 00:21:31 (6572 turns).

Gorglomux the Changer (Vine Stalker Transmuter)     Turns: 6572, Time: 00:21:32

Health: -8/41      AC:  2    Str: 18    XL:     9   Next: 9%
Magic:  0/17       EV: 21    Int: 21    God:    Cheibriados [**....]
Gold:   254        SH:  0    Dex: 25    Spells: 7/18 levels left

rFire    + . .     SeeInvis .     - Unarmed
rCold    . . .     Gourm    .   (armour currently unavailable)
rNeg     . . .     Faith    .   (shield currently unavailable)
rPois    x         Spirit   +   (helmet currently unavailable)
rElec    .         Reflect  .   (cloak currently unavailable)
rCorr    .         Harm     .   (gloves currently unavailable)
MR       +....                  (boots currently unavailable)
Stlth    ++........             (no amulet)
Regen    0.6/turn               (no ring)
MPRegen  0.2/turn               f - ring of protection from fire

@: spider-form (expiring), heavily drained, very slow
A: (fangs 0), regeneration 1, magic shield, (antimagic bite), no potion heal 3,
rot immunity
a: End Transformation, Bend Time, Renounce Religion


You were on level 6 of the Dungeon.
You worshipped Cheibriados.
Cheibriados was pleased with you.
You were not hungry.
You were a venomous arachnid creature.
You visited 1 branch of the dungeon, and saw 6 of its levels.

You collected 254 gold pieces.

Inventory:

Hand Weapons
 b - a +0 hunting sling
Missiles
 a - 74 arrows
 u - 78 stones (quivered)
 Z - 2 throwing nets
Armour
 o - a +0 buckler (melded)
 r - a +0 robe (melded)
 Q - the +2 cloak of the Thief (melded) {+Fog Slay-2 SInv Stlth+}
   (You found it on level 4 of the Dungeon)

   It affects your accuracy and damage with ranged weapons and melee attacks
   (-2).
   It lets you see invisible.
   It can be evoked to emit clouds of fog.
   It makes you more stealthy.
 X - a +0 pair of gloves (melded)
Jewellery
 c - an uncursed ring of protection from cold
 f - a ring of protection from fire (left front leg)
Wands
 I - a wand of iceblast (4/15)
Scrolls
 D - a scroll of recharging {unknown}
 F - a scroll of remove curse
 H - 2 scrolls of fog {unknown}
 K - 2 scrolls of enchant weapon {unknown}
 M - 2 scrolls of magic mapping
 R - 3 scrolls of identify
 S - a scroll of fear {unknown}
 V - 2 scrolls of blinking {unknown}
 Y - 2 scrolls of random uselessness {unknown}
Potions
 E - a potion of brilliance {unknown}
 G - a potion of agility
 L - a potion of invisibility
 N - 3 potions of heal wounds
 P - a potion of berserk rage {unknown}
 T - 3 potions of curing {unknown}
 U - 2 potions of mutation
Books
 i - a book of Changes

   Spells                             Type                      Level
   a - Beastly Appendage              Transmutation                1
   b - Sticks to Snakes               Transmutation                2
   c - Spider Form                    Transmutation/Poison         3
   d - Ice Form                       Ice/Transmutation            4
   e - Blade Hands                    Transmutation                5
 O - a book of Cantrips

   Spells                             Type                      Level
   a - Confusing Touch                Hexes                        1
   b - Animate Skeleton               Necromancy                   1
   c - Summon Small Mammal            Summoning                    1
   d - Apportation                    Translocation                1
Comestibles
 d - 4 bread rations
 n - 2 royal jellies
 p - 3 fruits
 J - 8 chunks of flesh
 W - 4 meat rations


   Skills:
 - Level 1.2(0.0) Fighting
 - Level 4.1(2.7) Dodging
 - Level 4.0(2.6) Shields
 - Level 5.0(3.5) Unarmed Combat
 + Level 5.2(3.8) Spellcasting
 + Level 5.5(4.0) Transmutations
 - Level 4.0(2.6) Poison Magic


You had 7 spell levels left.
You knew the following spells:

 Your Spells              Type           Power        Failure   Level  Hunger
a - Beastly Appendage     Tmut           ###...       10%         1    None
b - Sticks to Snakes      Tmut           ###.....     14%         2    #......
c - Spider Form           Tmut/Pois      ###.......   28%         3    ###....
d - Blade Hands           Tmut           ###.......   91%         5    ######.


Dungeon Overview and Level Annotations

Branches:
Dungeon (6/15)             Temple (0/1) D:6

Altars:
Cheibriados
Gozag
Hepliaklqana
Uskayaw


Innate Abilities, Weirdness & Mutations

((You have razor-sharp teeth.))
Your natural rate of healing is unusually fast.
When hurt, damage is shared between your health and your magic reserves.
((Your bite disrupts and absorbs the magic of your enemies.))
Potions cannot restore your health.
You are immune to rotting.


Message History

You feel drained.
* * * LOW HITPOINT WARNING * * *
You hit the wight.
The wight is lightly damaged.
The wight closely misses you.
You bite the wight!
The wight is severely damaged.
The wight hits you with a great sword!
* * * LOW HITPOINT WARNING * * *
You feel drained.
* * * LOW HITPOINT WARNING * * *
You barely miss the wight.
The wight is severely damaged.
You closely miss the wight.
The wight is severely damaged.
The wight misses you.
You hit the wight but do no damage.
The wight is severely damaged.
The wight hits you with a great sword!!
You die...

#...# #.# # #...#
.# #...# # #...#
#...# # ##.##
###!##)#####
##......#..$#.####
..........sz.....#
##.....$.$)...##.#
#.#..............
# ###......<.....
#.......#.#..
....#...#.....
####.#####.####
..Z .#


You could see a wight.

Vanquished Creatures
  Eustachio (D:5)
  A sky beast (D:5)
  2 ice beasts (D:5)
  5 ogres
  A big kobold (D:5)
  A bullfrog (D:6)
  A scorpion (D:4)
  3 wights (D:6)
  2 howler monkeys
  A centaur zombie (D:6)
  A bullfrog zombie (D:6)
  2 crimson imps (D:5)
  4 hounds
  A centaur skeleton (D:4)
  An iguana (D:5)
  An orc wizard (D:5)
  2 worker ants (D:5)
  A hound skeleton (D:5)
  4 gnolls (D:3)
  A worker ant zombie (D:5)
  5 adders
  2 dart slugs (D:2)
  3 leopard geckos
  13 orcs
  6 giant cockroaches
  10 goblins
  8 hobgoblins
  4 jackals
  3 quokkas
  5 bats
  4 frilled lizards
  A jackal skeleton (D:5)
  8 kobolds
  11 rats
  A bush (D:5)
120 creatures vanquished.

Vanquished Creatures (collateral kills)
  An adder (D:2)
  A jackal (D:4)
  A kobold (D:3)
3 creatures vanquished.

Grand Total: 123 creatures vanquished

Notes
Turn   | Place    | Note
-------+----------+-------------------------------------------
     0 | D:1      | Gorglomux the Vine Stalker Transmuter began the quest for the Orb.
     0 | D:1      | Reached XP level 1. HP: 9/9 MP: 4/4
   225 | D:1      | Reached XP level 2. HP: 14/14 MP: 4/6
   336 | D:1      | Learned a level 2 spell: Sticks to Snakes
  1092 | D:2      | Reached XP level 3. HP: 10/17 MP: 2/7
  1990 | D:2      | Learned a level 3 spell: Spider Form
  2061 | D:2      | Reached skill level 3 in Transmutations
  2564 | D:3      | Gained mutation: Your natural rate of healing is unusually fast. [Vine Stalker growth]
  2564 | D:3      | Reached XP level 4. HP: 11/21 MP: 3/8
  2711 | D:3      | Reached skill level 1 in Poison Magic
  3013 | D:3      | Reached XP level 5. HP: 19/25 MP: 6/9
  3558 | D:3      | Found a snail-covered altar of Cheibriados.
  3839 | D:3      | Became a worshipper of Cheibriados the Contemplative
  4247 | D:4      | Reached skill level 3 in Spellcasting
  4326 | D:4      | Reached XP level 6. HP: 25/29 MP: 8/11
  4635 | D:4      | Reached XP level 7. HP: 10/32 MP: 7/13
  4642 | D:4      | Reached * piety under Cheibriados
  5027 | D:5      | Entered Level 5 of the Dungeon
  5154 | D:5      | Reached skill level 3 in Poison Magic
  5193 | D:5      | Reached skill level 1 in Fighting
  5204 | D:5      | Noticed Eustachio
  5209 | D:5      | Reached skill level 1 in Shields
  5226 | D:5      | Killed Eustachio
  5322 | D:5      | Gained mutation: You have razor-sharp teeth. [Vine Stalker growth]
  5322 | D:5      | Reached XP level 8. HP: 31/37 MP: 13/15
  5377 | D:5      | Found a hide-covered altar of Uskayaw.
  5382 | D:5      | Found an opulent altar of Gozag.
  5386 | D:5      | Found a hazy altar of Hepliaklqana.
  5493 | D:5      | Reached skill level 3 in Dodging
  5500 | D:5      | Reached skill level 3 in Shields
  6030 | D:5      | Reached ** piety under Cheibriados
  6318 | D:6      | Found a staircase to the Ecumenical Temple.
  6488 | D:6      | Reached XP level 9. HP: 37/41 MP: 13/17
  6495 | D:6      | Learned a level 5 spell: Blade Hands
  6572 | D:6      | Mangled by a wight

Vault maps used:
D:1:      onia_arrival_mini_maze, minmay_splitting_lines, minmay_tetromino_t4
D:2:      first_bread
D:3:      lemuel_crystal_altar
D:5:      minitemple, lexackson_kobold_supper, uniq_eustachio
D:6:      minmay_temple_entry_water_ring, basic_altar, hangedman_decor_lopped

Skill      XL: |  1  2  3  4  5  6  7  8  9 |
---------------+----------------------------+-----
Transmutations | 3 4 5 |  5.5
Poison Magic   | 1 2 3 4 |  4.0
Unarmed Combat | 4 5 |  5.0
Spellcasting   | 3 4 5 |  5.2
Fighting       | 1 |  1.2
Shields        | 2 4 |  4.0
Dodging        | 2 4 |  4.1

Action                   |  1- 3 |  4- 6 |  7- 9 || total
-------------------------+-------+-------+-------++-------
Melee: Unarmed           |    92 |   156 |   300 ||   548
       Bite              |    16 |    34 |    82 ||   132
       Kick              |     8 |     9 |    17 ||    34
       Punch             |     1 |       |       ||     1
       Headbutt          |     1 |     7 |    33 ||    41
 Fire: Hunting sling     |    12 |    13 |       ||    25
Throw: Stone             |       |     1 |       ||     1
 Cast: Beastly Appendage |    22 |    19 |    18 ||    59
       Sticks to Snakes  |     3 |     5 |     1 ||     9
       Spider Form       |       |     3 |    15 ||    18
Invok: Bend Time         |       |       |     1 ||     1
  Use: Potion            |     3 |       |       ||     3
       Scroll            |     6 |     2 |     1 ||     9
 Stab: Sleeping          |     1 |       |     2 ||     3
  Eat: Chunk             |     5 |     9 |     5 ||    19
Armor: Robe              |    16 |    35 |    30 ||    81
       Skin              |    11 |       |     6 ||    17
Dodge: Dodged            |    49 |   101 |   205 ||   355
Block: Buckler           |    18 |    43 |    32 ||    93
